TOP OF THE 1ST |
D.C. Divided batting - Pitching for Vancouver Grey Wolves : RHP Ambrose Randall
|
Pitching: RHP Ambrose Randall
|
|
Batting: RHB Arturo Rodríguez
|
0-0: Called Strike 0-1: Called Strike 0-2: Strikes out swinging
|
Batting: RHB Ken Bone
|
0-0: Called Strike 0-1: Called Strike 0-2: Fly out, F3 (Popup, 3L)
|
Batting: RHB José Torres
|
0-0: Called Strike 0-1: Called Strike 0-2: Ball 1-2: Ball 2-2: Ball 3-2: Base on Balls
|
Batting: RHB Wilbur Davis
|
0-0: SINGLE (Groundball, 6D) José Torres to second
|
Batting: LHB Yao-pang Chiang
|
0-0: Ball 1-0: Ball 2-0: Fly out, F9 (Flyball, 9LSF)
|
Top of the 1st over - 0 runs, 1 hit, 0 errors, 2 left on base; D.C. 0 - Vancouver 0 |
BOTTOM OF THE 1ST |
Vancouver Grey Wolves batting - Pitching for D.C. Divided : LHP Manuel Paílla
|
Pitching: LHP Manuel Paílla
|
|
Batting: RHB Urs van Munster
|
0-0: Ball 1-0: Foul Ball, location: 2F 1-1: Fly out, F8 (Flyball, 8LD)
|
Batting: RHB Hugh Mungus
|
0-0: Called Strike 0-1: Ball 1-1: Foul Ball, location: 2F 1-2: SINGLE (Flyball, 89S)
|
Batting: RHB José Jarca
|
0-0: Ball 1-0: Ball 2-0: Called Strike 2-1: Ball 3-1: Base on Balls Hugh Mungus to second
|
Batting: RHB Iván Vega
|
0-0: Called Strike 0-1: SINGLE (Groundball, 56D) Hugh Mungus to third José Jarca to second Runner from 3rd tries for Home, SAFE, no throw
|
Batting: LHB Michael Malloy
|
0-0: Ball 1-0: Called Strike 1-1: Called Strike José Jarca steals 3rd base Iván Vega to second 1-2: Ball 2-2: SINGLE (Groundball, 4MD) José Jarca scores Iván Vega to third Runner from 3rd tries for Home, SAFE, no throw
|
Batting: RHB Ángelo Delgado
|
0-0: Called Strike 0-1: 2-RUN HOME RUN (Line Drive, 78XD), Distance : 401 ft
|
Batting: LHB Johan Kroening
|
0-0: Ball 1-0: Ball 2-0: Called Strike 2-1: Called Strike 2-2: Fly out, F5 (Popup, 5)
|
Pitching: RHP Trevor Brohard
|
|
Batting: RHB Hani Azwan
|
0-0: Ground out 6-3 (Groundball, 6)
|
Bottom of the 1st over - 5 runs, 4 hits, 0 errors, 0 left on base; D.C. 0 - Vancouver 5 |
TOP OF THE 2ND |
D.C. Divided batting - Pitching for Vancouver Grey Wolves : RHP Ambrose Randall
|
Batting: RHB Daryl Yandell
|
0-0: Ball 1-0: Ground out 4-3 (Groundball, 4)
|
Batting: RHB Amon-Ra St. Brown
|
0-0: Called Strike 0-1: Ball 1-1: Ball 2-1: Swinging Strike 2-2: Strikes out swinging
|
Batting: RHB David Tineo
|
0-0: Called Strike 0-1: Ball 1-1: Ball 2-1: Ball 3-1: Foul Ball, location: 2F 3-2: Foul Ball, location: 2F 3-2: Strikes out looking
|
Top of the 2nd over - 0 runs, 0 hits, 0 errors, 0 left on base; D.C. 0 - Vancouver 5 |
BOTTOM OF THE 2ND |
Vancouver Grey Wolves batting - Pitching for D.C. Divided : RHP Trevor Brohard
|
Batting: RHB Wilson Vega
|
0-0: Ball 1-0: Ball 2-0: Ball 3-0: Base on Balls
|
Batting: RHB Urs van Munster
|
0-0: Called Strike Wilson Vega steals 2nd base 0-1: Fly out, F7 (Flyball, 7S)
|
Batting: RHB Hugh Mungus
|
0-0: Called Strike 0-1: Called Strike 0-2: Ball 1-2: Ball 2-2: Strikes out swinging
|
Batting: RHB José Jarca
|
0-0: Called Strike 0-1: Ball 1-1: Ball 2-1: Foul Ball, location: 2F 2-2: Ground out 5-3 (Groundball, 56)
|
Bottom of the 2nd over - 0 runs, 0 hits, 0 errors, 1 left on base; D.C. 0 - Vancouver 5 |
TOP OF THE 3RD |
D.C. Divided batting - Pitching for Vancouver Grey Wolves : RHP Ambrose Randall
|
Batting: RHB Sherman N'Dir
|
0-0: Foul Ball, location: 2F 0-1: Ball 1-1: Called Strike 1-2: Ball 2-2: Ball 3-2: Strikes out swinging
|
Batting: RHB Arturo Rodríguez
|
0-0: Ground out 6-3 (Groundball, 6)
|
Batting: RHB Ken Bone
|
0-0: Ball 1-0: Called Strike 1-1: Called Strike 1-2: Ball 2-2: Ball 3-2: DOUBLE (Line Drive, 7LD)
|
Batting: RHB José Torres
|
0-0: Called Strike 0-1: Ball 1-1: Called Strike 1-2: Ball 2-2: Ball 3-2: SINGLE (Groundball, 56D) Ken Bone to third Ken Bone scores
|
Batting: RHB Wilbur Davis
|
0-0: Ball 1-0: SINGLE (Groundball, 56S) (infield hit) José Torres to second
|
Batting: LHB Yao-pang Chiang
|
0-0: Ball 1-0: Foul Ball, location: 2F 1-1: Ball 2-1: Foul Ball, location: 2F 2-2: Ball 3-2: Foul Ball, location: 2F 3-2: Foul Ball, location: 2F 3-2: Fly out, F9 (Flyball, 89XD)
|
Top of the 3rd over - 1 run, 3 hits, 0 errors, 2 left on base; D.C. 1 - Vancouver 5 |
BOTTOM OF THE 3RD |
Vancouver Grey Wolves batting - Pitching for D.C. Divided : RHP Trevor Brohard
|
Batting: RHB Iván Vega
|
0-0: Called Strike 0-1: Swinging Strike 0-2: Ball 1-2: Foul Ball, location: 2F 1-2: Ball 2-2: Ball 3-2: Foul Ball, location: 2F 3-2: Ground out 5-3 (Groundball, 56S)
|
Batting: LHB Michael Malloy
|
0-0: Ball 1-0: Foul Ball, location: 2F 1-1: Ball 2-1: Foul Ball, location: 2F 2-2: Ball 3-2: Ground out 4-3 (Groundball, 4M)
|
Batting: RHB Ángelo Delgado
|
0-0: Ball 1-0: Foul Ball, location: 2F 1-1: Foul Ball, location: 2F 1-2: Ball 2-2: Ground out U3 (Groundball, 3)
|
Bottom of the 3rd over - 0 runs, 0 hits, 0 errors, 0 left on base; D.C. 1 - Vancouver 5 |
TOP OF THE 4TH |
D.C. Divided batting - Pitching for Vancouver Grey Wolves : RHP Ambrose Randall
|
Batting: RHB Daryl Yandell
|
0-0: Called Strike 0-1: Ball 1-1: Foul Ball, location: 2F 1-2: Fly out, F8 (Flyball, 89M)
|
Batting: RHB Amon-Ra St. Brown
|
0-0: Ball 1-0: Ball 2-0: Called Strike 2-1: Swinging Strike 2-2: Foul Ball, location: 2F 2-2: SINGLE (Flyball, 8LS)
|
Batting: RHB David Tineo
|
0-0: Called Strike 0-1: Called Strike 0-2: Ball 1-2: Ball Wild Pitch! Amon-Ra St. Brown to second 2-2: Strikes out swinging
|
Batting: RHB Sherman N'Dir
|
0-0: Called Strike 0-1: SINGLE (Groundball, 56S) (infield hit) Amon-Ra St. Brown to third
|
Batting: RHB Arturo Rodríguez
|
0-0: Swinging Strike 0-1: Swinging Strike 0-2: Ball 1-2: Ball 2-2: Foul Ball, location: 2F 2-2: Fly out, F9 (Flyball, 9)
|
Top of the 4th over - 0 runs, 2 hits, 0 errors, 2 left on base; D.C. 1 - Vancouver 5 |
BOTTOM OF THE 4TH |
Vancouver Grey Wolves batting - Pitching for D.C. Divided : RHP Trevor Brohard
|
Batting: LHB Johan Kroening
|
0-0: Ball 1-0: Ball 2-0: Called Strike 2-1: SINGLE (Flyball, 9S)
|
Batting: RHB Hani Azwan
|
0-0: Foul Ball, location: 2F 0-1: Ball Wild Pitch! Johan Kroening to second 1-1: Foul Ball, location: 2F 1-2: Strikes out swinging
|
Batting: RHB Wilson Vega
|
0-0: Called Strike 0-1: Called Strike 0-2: Ball 1-2: Strikes out looking
|
Batting: RHB Urs van Munster
|
0-0: Foul Ball, location: 2F 0-1: Foul Ball, location: 2F 0-2: Ball 1-2: Ball 2-2: Ball 3-2: Base on Balls
|
Batting: RHB Hugh Mungus
|
0-0: Called Strike 0-1: Called Strike 0-2: Ball 1-2: SINGLE (Line Drive, 6MD) Johan Kroening to third Urs van Munster to second Runner from 3rd tries for Home, SAFE, no throw
|
Batting: RHB José Jarca
|
0-0: Ball 1-0: Foul Ball, location: 2F 1-1: Swinging Strike 1-2: 3-RUN HOME RUN (Line Drive, 7LD), Distance : 332 ft
|
Batting: RHB Iván Vega
|
0-0: Foul Ball, location: 2F 0-1: Foul Ball, location: 2F 0-2: Ball 1-2: SINGLE (Groundball, 6D)
|
Batting: LHB Michael Malloy
|
0-0: Ball Iván Vega steals 2nd base 1-0: Ball 2-0: Called Strike 2-1: Ball 3-1: Base on Balls
|
Batting: RHB Ángelo Delgado
|
0-0: Ball 1-0: Ball 2-0: Foul Ball, location: 2F 2-1: Swinging Strike 2-2: Fly out, F8 (Flyball, 8LS)
|
Bottom of the 4th over - 4 runs, 4 hits, 0 errors, 2 left on base; D.C. 1 - Vancouver 9 |
TOP OF THE 5TH |
D.C. Divided batting - Pitching for Vancouver Grey Wolves : RHP Ambrose Randall
|
Batting: RHB Ken Bone
|
0-0: SINGLE (Groundball, 34D)
|
Batting: RHB José Torres
|
0-0: DOUBLE (Line Drive, 9LM) Ken Bone to third
|
Batting: RHB Wilbur Davis
|
0-0: Called Strike 0-1: Fly out, F7 (Flyball, 78M) Throwing error, E7 Ken Bone scores José Torres to third
|
Batting: LHB Yao-pang Chiang
|
0-0: Ball 1-0: Called Strike 1-1: Foul Ball, location: 2F 1-2: Ball 2-2: Ground out 4-3 (Groundball, 4) José Torres scores
|
Batting: RHB Daryl Yandell
|
0-0: SOLO HOME RUN (Flyball, 7LD), Distance : 318 ft
|
Batting: RHB Amon-Ra St. Brown
|
0-0: Ball 1-0: Called Strike 1-1: Foul Ball, location: 2F 1-2: Foul Ball, location: 2F 1-2: Ball 2-2: Foul Ball, location: 2F 2-2: Foul Ball, location: 2F 2-2: Strikes out swinging
|
Top of the 5th over - 3 runs, 3 hits, 1 error, 0 left on base; D.C. 4 - Vancouver 9 |
BOTTOM OF THE 5TH |
Vancouver Grey Wolves batting - Pitching for D.C. Divided : RHP Trevor Brohard
|
Pitching: LHP Bill Oulton
|
|
Batting: LHB Johan Kroening
|
0-0: Fly out, F8 (Flyball, 89M)
|
Batting: RHB Hani Azwan
|
0-0: Ball 1-0: Foul Ball, location: 2F 1-1: Ball 2-1: Foul Ball, location: 2F 2-2: Ball 3-2: Foul Ball, location: 2F 3-2: SINGLE (Flyball, 8LS)
|
Batting: RHB Wilson Vega
|
0-0: Ball 1-0: Ball 2-0: Foul Ball, location: 2F 2-1: Ball 3-1: Fielders Choice at 2nd, 4-6 (Groundball, 4)
|
Batting: RHB Urs van Munster
|
0-0: Ball Wilson Vega steals 2nd base 1-0: Ball 2-0: Called Strike 2-1: Ground out 5-3 (Groundball, 56)
|
Bottom of the 5th over - 0 runs, 1 hit, 0 errors, 1 left on base; D.C. 4 - Vancouver 9 |
TOP OF THE 6TH |
D.C. Divided batting - Pitching for Vancouver Grey Wolves : RHP Ambrose Randall
|
Pitching: RHP Kenny Aarnoutse
|
|
Batting: RHB David Tineo
|
0-0: Ball 1-0: Ground out 6-3 (Groundball, 6)
|
Batting: RHB Sherman N'Dir
|
0-0: Ball 1-0: Ball 2-0: Ball 3-0: Called Strike 3-1: Foul Ball, location: 2F 3-2: Ground out 5-3 (Groundball, 56S)
|
Batting: RHB Arturo Rodríguez
|
0-0: Ball 1-0: Ground out 6-3 (Groundball, 6)
|
Top of the 6th over - 0 runs, 0 hits, 0 errors, 0 left on base; D.C. 4 - Vancouver 9 |
BOTTOM OF THE 6TH |
Vancouver Grey Wolves batting - Pitching for D.C. Divided : LHP Bill Oulton
|
Batting: RHB Hugh Mungus
|
0-0: Called Strike 0-1: Foul Ball, location: 2F 0-2: Strikes out swinging
|
Batting: RHB José Jarca
|
0-0: Ball 1-0: Ball 2-0: Ball 3-0: Base on Balls
|
Batting: RHB Iván Vega
|
0-0: Foul Ball, location: 2F 0-1: Called Strike 0-2: Strikes out swinging
|
Batting: LHB Michael Malloy
|
0-0: Foul Ball, location: 2F 0-1: Called Strike José Jarca steals 2nd base 0-2: Ball 1-2: Strikes out swinging
|
Bottom of the 6th over - 0 runs, 0 hits, 0 errors, 1 left on base; D.C. 4 - Vancouver 9 |
TOP OF THE 7TH |
D.C. Divided batting - Pitching for Vancouver Grey Wolves : RHP Kenny Aarnoutse
|
Batting: RHB Ken Bone
|
0-0: Called Strike 0-1: Foul Ball, location: 2F 0-2: Strikes out swinging
|
Batting: RHB José Torres
|
0-0: Called Strike 0-1: SINGLE (Groundball, 6D)
|
Batting: RHB Wilbur Davis
|
0-0: Called Strike 0-1: 2-RUN HOME RUN (Flyball, 7D), Distance : 346 ft
|
Pitching: LHP Sergio Vargas
|
|
Batting: LHB Yao-pang Chiang
|
0-0: Foul Ball, location: 2F 0-1: Foul Ball, location: 2F 0-2: Ball 1-2: Strikes out swinging
|
Pitching: LHP Ramón Costello
|
|
Batting: RHB Daryl Yandell
|
0-0: Ball 1-0: Called Strike 1-1: Swinging Strike 1-2: Foul Ball, location: 2F 1-2: Foul Ball, location: 2F 1-2: Strikes out swinging
|
Top of the 7th over - 2 runs, 2 hits, 0 errors, 0 left on base; D.C. 6 - Vancouver 9 |
BOTTOM OF THE 7TH |
Vancouver Grey Wolves batting - Pitching for D.C. Divided : LHP Bill Oulton
|
Batting: RHB Ángelo Delgado
|
0-0: Ball 1-0: Ball 2-0: Ball 3-0: Base on Balls
|
Batting: LHB Johan Kroening
|
0-0: Called Strike 0-1: Ball 1-1: SINGLE (Groundball, 6D) Ángelo Delgado to second
|
Batting: RHB Hani Azwan
|
0-0: Ball 1-0: Grounds into double play, 5-4-3 (Groundball, 56) Ángelo Delgado to third
|
Batting: RHB Wilson Vega
|
0-0: Called Strike 0-1: Ball 1-1: Foul Ball, location: 2F 1-2: Foul Ball, location: 2F 1-2: Strikes out swinging
|
Bottom of the 7th over - 0 runs, 1 hit, 0 errors, 1 left on base; D.C. 6 - Vancouver 9 |
TOP OF THE 8TH |
D.C. Divided batting - Pitching for Vancouver Grey Wolves : LHP Ramón Costello
|
Pitching: LHP Sjaak Bonne
|
|
Now at C: Joe Phillips
|
|
Batting: RHB Amon-Ra St. Brown
|
0-0: Called Strike 0-1: Ball 1-1: Called Strike 1-2: Strikes out swinging
|
Batting: RHB David Tineo
|
0-0: Ground out 1-3 (Groundball, P)
|
Batting: RHB Sherman N'Dir
|
0-0: Ball 1-0: Ground out 4-3 (Groundball, 4MD)
|
Top of the 8th over - 0 runs, 0 hits, 0 errors, 0 left on base; D.C. 6 - Vancouver 9 |
BOTTOM OF THE 8TH |
Vancouver Grey Wolves batting - Pitching for D.C. Divided : LHP Bill Oulton
|
Batting: RHB Urs van Munster
|
0-0: Called Strike 0-1: Ball 1-1: Ball 2-1: Ball 3-1: Fly out, F9 (Flyball, 9)
|
Batting: RHB Hugh Mungus
|
0-0: Ball 1-0: Ball 2-0: Foul Ball, location: 2F 2-1: Ball 3-1: Called Strike 3-2: Base on Balls
|
Batting: RHB José Jarca
|
0-0: Called Strike 0-1: Grounds into double play, 6-4-3 (Groundball, 6)
|
Bottom of the 8th over - 0 runs, 0 hits, 0 errors, 0 left on base; D.C. 6 - Vancouver 9 |
TOP OF THE 9TH |
D.C. Divided batting - Pitching for Vancouver Grey Wolves : LHP Sjaak Bonne
|
Batting: RHB Arturo Rodríguez
|
0-0: Ball 1-0: Foul Ball, location: 2F 1-1: Foul Ball, location: 2F 1-2: Ball 2-2: Ball 3-2: Reached on error, E6 (Groundball, 6)
|
Batting: RHB Ken Bone
|
0-0: Called Strike 0-1: Ball 1-1: Ball 2-1: Ball 3-1: Ground out 4-3 (Groundball, 4S) Arturo Rodríguez to second
|
Batting: RHB José Torres
|
0-0: Called Strike 0-1: Called Strike 0-2: Ball 1-2: SINGLE (Flyball, 89S) Arturo Rodríguez to third
|
Batting: RHB Wilbur Davis
|
0-0: Foul Ball, location: 2F 0-1: Swinging Strike 0-2: Ball 1-2: Ball 2-2: Foul Ball, location: 2F 2-2: Ball 3-2: Base on Balls José Torres to second
|
Batting: LHB Yao-pang Chiang
|
0-0: Ball 1-0: Ball 2-0: Ball 3-0: Base on Balls Arturo Rodríguez scores José Torres to third Wilbur Davis to second
|
Batting: RHB Daryl Yandell
|
0-0: Called Strike 0-1: Called Strike 0-2: Ball 1-2: Strikes out swinging
|
Batting: RHB Amon-Ra St. Brown
|
0-0: Ball 1-0: Foul Ball, location: 2F 1-1: Ball 2-1: Foul Ball, location: 2F 2-2: Foul Ball, location: 2F 2-2: Strikes out swinging
|
Top of the 9th over - 1 run, 1 hit, 1 error, 3 left on base; D.C. 7 - Vancouver 9 |
|